Replay - puCK v Scarlett: Game 1 - Frozen Temple

Build Order

Get SALT Encoding   

  12  0:00  Drone  
  13  0:12  Overlord  
  13  0:18  Drone  
  14  0:31  Drone x2  
  17  0:35  Drone  
  17  0:53  Drone  
  17  0:55  Hatchery  
  17  1:00  Drone  
  18  1:04  Extractor  
  17  1:14  Spawning Pool  
  17  1:16  Drone  
  17  1:20  Drone  
  18  1:29  Drone  
  20  1:40  Drone  
  20  1:57  Hatchery  
  19  2:01  Drone x2  
  19  2:07  Metabolic Boost, Zergling x2  
  22  2:12  Queen  
  24  2:22  Queen  
  24  2:28  Overlord  
  26  2:34  Drone  
  26  2:35  Zergling x2  
  28  2:46  Zergling x2  
  28  2:48  Drone x3  
  32  2:52  Queen  
  32  2:57  Overlord  
  34  3:06  Drone  
  34  3:08  Drone  
  35  3:17  Drone  
  34  3:20  Drone x5  
  34  3:26  Overlord  
  39  3:34  Drone  
  39  3:35  Drone x5  
  39  3:39  Overlord  
  45  3:43  Overlord  
  45  3:44  Drone  
  46  3:50  Roach Warren  
  46  3:53  Drone  
  46  4:00  Drone  
  46  4:01  Drone x3  
  50  4:03  Drone x3  
  50  4:05  Drone  
  50  4:07  Zergling x2  
  55  4:12  Zergling x6  
  55  4:15  Overlord  
  58  4:20  Extractor  
  57  4:28  Zergling x4  
  57  4:30  Roach x5  
  69  4:32  Roach  
  71  4:41  Roach x2  
  71  4:42  Zergling x10  
  71  4:44  Drone  
  81  4:46  Overlord  
  81  4:51  Overlord  
  81  4:53  Overlord  
  81  4:57  Evolution Chamber  
  80  5:00  Zergling x2  
  80  5:03  Spore Crawler  
  80  5:05  Spore Crawler  
  80  5:07  Drone x5  
  80  5:10  Lair  
  83  5:21  Drone  
  83  5:22  Drone x6  
  90  5:30  Zerg Melee Weapons Level 1  
  90  5:31  Drone x3, Overlord  
  93  5:41  Roach x4  
  99  5:48  Queen  
  98  5:55  Drone, Overlord  
  98  5:56  Drone x4  
  101  6:01  Extractor  
  100  6:07  Drone x4  
  102  6:19  Drone  
  102  6:20  Drone x5, Hatchery  
  102  6:21  Spire  
  102  6:25  Drone  
  106  6:28  Extractor  
  106  6:29  Extractor  
  105  6:32  Drone, Hatchery  
  105  6:33  Drone x2  
  106  6:43  Drone x2  
  106  6:45  Overlord  
  108  6:48  Overseer, Zergling x10  
  108  6:49  Baneling Nest  
  112  6:58  Zergling x12  
  112  6:59  Queen  
  120  7:04  Spine Crawler  
  119  7:11  Ravager x6  
  119  7:12  Zergling x2  
  119  7:13  Zergling x6  
  119  7:14  Overlord  
  119  7:15  Overlord x2  
  129  7:17  Overlord  
  129  7:18  Overlord  
  128  7:30  Drone x2  
  126  7:37  Zerg Melee Weapons Level 2, Zerg Flyer Weapons Level 1  
  126  7:40  Mutalisk x2  
  126  7:42  Drone x3  
  126  7:43  Drone x2  
  131  7:49  Mutalisk  
  132  7:51  Drone  
  132  7:52  Drone x7  
  132  7:57  Ravager  
  141  7:59  Queen  
  141  8:03  Mutalisk  
  141  8:04  Overlord x2  
  141  8:05  Overlord  
  145  8:09  Zergling x2  
  145  8:10  Zergling x14  
  153  8:13  Mutalisk  
  154  8:20  Centrifical Hooks  
  154  8:24  Overseer  
  151  8:32  Drone x6  
  151  8:33  Spine Crawler  
  156  8:37  Spine Crawler  
  156  8:38  Overseer, Spore Crawler, Pneumatized Carapace  
  156  8:40  Overseer  
  154  8:43  Spine Crawler  
  154  8:46  Spine Crawler  
  152  8:49  Spine Crawler  
  152  8:51  Spine Crawler, Drone x4  
  152  8:52  Spore Crawler  
  153  9:00  Ravager x3  
  153  9:01  Ravager  
  157  9:03  Zergling x14  
  157  9:09  Zergling x20  
  174  9:16  Extractor  
  171  9:17  Mutalisk x2, Extractor  
  171  9:18  Extractor  
  166  9:40  Zerg Flyer Weapons Level 2  
  166  9:54  Zergling x2  
  166  9:55  Zergling x42  
Spawning Tool Build Advisor. Get it on Overwolf

Go to:

Details

  • Created by: zecrum
  • Published on: Aug 16, 2016
  • Modified on: Aug 16, 2016
  • Patch: Pre-3.8.0
Show
View Real Time Build Order
Export as new Build Order

Comments (0)

There are no comments. Be the first!

Create an account to comment!